 Dungeon Crawl Stone Soup version 0.32-a0-675-gdc239d62e1 (webtiles) character file.

Game seed: 3474796544365778777

586518 retardedninja the Executioner (level 26, -26/236 (240) HPs)
             Began as a Coglin Fighter on Mar 11, 2024.
             Was a High Priest of Hepliaklqana.
             Killed from afar by a black draconian knight (28 damage)
             ... with a bolt of cold
             ... on level 4 of the Realm of Zot.
             The game lasted 02:35:53 (73430 turns).

retardedninja the Executioner (Coglin Fighter)     Turns: 73430, Time: 02:35:53

HP:   -26/236 (240) AC: 36    Str: 27    XL:     26   Next: 85%
MP:   29/29         EV: 12    Int:  7    God:    Hepliaklqana [*****.]
Gold: 7036          SH:  0    Dex: 14    Spells: 25/25 levels left

rFire   + . .        M - +9 broad axe (flame) {Chiraphon}
rCold   . . .        N - +8 mithril axe "Arga" {speed, Will+}
rNeg    . . .        K - +6 gold dragon scales
rPois   +            C - +2 helmet
rElec   +            k - +3 cloak of Action {rElec Will+}
rCorr   +            f - +0 pair of gloves of the gadgeteer {Gadgeteer Wandboost ^Fragile}
SInv    .            D - +2 pair of boots
Will    ++++.        (amulet unavailable) Stlth
                     (ring unavailable)
HPRegen 0.00/turn    (ring unavailable)
MPRegen 0.61/turn    q - automatic dynamo {rPois Will+ Regen+ RegenMP+ rCorr}

%: no passive effects
@: inhibited regen, lightly drained, revving
A: reduced essence, off-hand wielding, slow wielding, warmup strikes, no
jewellery, clumsy 1, deformed body, low MP 1, robust 1, inhibited regeneration,
no potion heal 1, cold vulnerability 1
}: 4/15 runes: decaying, slimy, silver, gossamer
a: Renounce Religion, Recall Ancestor, Ancestor Identity, Transference, Idealise


You were on level 4 of the Realm of Zot.
You worshipped Hepliaklqana.
Hepliaklqana was extremely pleased with you.
You visited 13 branches of the dungeon, and saw 55 of its levels.
You visited 1 bazaar.
You also visited: Trove.

You collected 13835 gold pieces.
You spent 6799 gold pieces at shops.

Inventory:

Hand Weapons
 a - a +9 war axe of flaming {Tae}
 M - a +9 broad axe of flaming (weapon) {Chiraphon}
 N - the +8 mithril axe "Arga" (offhand) {speed, Will+}
   (You acquired it on level 3 of the Lair of Beasts)

   Will+:     It increases your willpower.
Missiles
 p - 2 throwing nets (quivered)
Armour
 f - the +0 pair of gloves of the gadgeteer (worn) {Gadgeteer Wandboost ^Fragile}
   (You acquired it on level 10 of the Dungeon)

   Gadgeteer: Your evocable items recharge 30% faster and wands have a 30%
   chance to not spend a charge.
   Wandboost: Your wands are more powerful.
   ^Fragile:  It will be destroyed if unequipped.
 k - the +3 cloak of Action (worn) {rElec Will+}
   (You found it on level 2 of the Dungeon)

   rElec:     It insulates you from electricity.
   Will+:     It increases your willpower.
 C - a +2 helmet (worn)
 D - a +2 pair of boots (worn)
 K - +6 gold dragon scales (worn)
Gizmo
 q - an automatic dynamo (installed) {rPois Will+ Regen+ RegenMP+ rCorr}
   (You invented it yourself on level 2 of the Lair of Beasts)

   [automatic dynamo]

   rPois:     It protects you from poison.
   Will+:     It increases your willpower.
   Regen+:    It increases your rate of health regeneration.
   rCorr:     It protects you from acid and corrosion.
   RegenMP+:  It increases your rate of magic regeneration.
Talismans
 h - the death talisman "Keacsor" {Str+5 Dex+3}
   (You found it on level 1 of the Vaults)

   [talisman of death]

   Str+5:     It affects your strength (+5).
   Dex+3:     It affects your dexterity (+3).
 H - a granite talisman
Wands
 i - a wand of flame (140)
 l - a wand of mindburst (52)
 m - a wand of quicksilver (5)
 o - a wand of paralysis (46)
 r - a wand of roots (30)
 u - a wand of polymorph (48)
 v - a wand of digging (34)
Scrolls
 c - 4 scrolls of poison
 e - 16 scrolls of teleportation
 j - 13 scrolls of amnesia
 n - 8 scrolls of identify
 s - 14 scrolls of vulnerability
 A - a scroll of revelation
 F - 9 scrolls of fog
 G - 4 scrolls of immolation
 J - 3 scrolls of noise
 R - 3 scrolls of torment
 U - a scroll of fear
 V - 4 scrolls of butterflies
 W - 4 scrolls of silence
Potions
 b - 4 potions of magic
 d - 16 potions of curing
 g - 3 potions of mutation
 t - 5 potions of ambrosia
 x - 7 potions of lignification
 z - 7 potions of enlightenment
 E - 8 potions of attraction
 I - 6 potions of brilliance
 O - 2 potions of invisibility
 P - 3 potions of cancellation
 Q - 2 potions of haste
Miscellaneous
 w - the horn of Geryon
 B - a tin of tremorstones (2/2)


   Skills:
 * Level 26.5 Fighting
 * Level 26.5 Axes
 + Level 18.4 Armour
 + Level 14.1 Dodging
 - Level 2.1 Shields
 + Level 13.4 Invocations


You had 25 spell levels left.
You didn't know any spells.
Your spell library contained the following spells:

 Spells                   Type           Power      Damage    Failure   Level
 Apportation              Tloc           0%         N/A       100%        1
 Kiss of Death            Conj/Necr      0%         2d5       100%        1
 Magic Dart               Conj           0%         1d3       100%        1
 Necrotise                Necr           0%         1d4       100%        1
 Shock                    Conj/Air       0%         1d3       100%        1
 Slow                     Hex            0%         N/A       100%        1
 Sting                    Conj/Alch      0%         1d3       100%        1
 Call Imp                 Summ           0%         N/A       100%        2
 Cigotuvi's Dreadful Rot  Necr/Alch/Air  0%         N/A       100%        2
 Ensorcelled Hibernation  Hex/Ice        0%         N/A       100%        2
 Jinxbite                 Hex            0%         N/A       100%        2
 Lesser Beckoning         Tloc           0%         N/A       100%        2
 Mercury Vapours          Alch/Air       0%         N/A       100%        2
 Searing Ray              Conj           0%         2d4       100%        2
 Sublimation of Blood     Necr           0%         N/A       100%        2
 Call Canine Familiar     Summ           0%         N/A       100%        3
 Confusing Touch          Hex            0%         N/A       100%        3
 Gell's Gravitas          Tloc           0%         N/A       100%        3
 Mephitic Cloud           Conj/Alch/Air  0%         N/A       100%        3
 Passwall                 Erth           0%         N/A       100%        3
 Sigil of Binding         Hex            0%         N/A       100%        3
 Stone Arrow              Conj/Erth      0%         3d7       100%        3
 Summon Ice Beast         Ice/Summ       0%         N/A       100%        3
 Swiftness                Air            0%         N/A       100%        3
 Teleport Other           Tloc           0%         N/A       100%        3
 Tukima's Dance           Hex            0%         N/A       100%        3
 Vampiric Draining        Necr           0%         2d6       100%        3
 Volatile Blastmotes      Fire/Tloc      0%         2d10      100%        3
 Airstrike                Air            0%         2d(0-16)  100%        4
 Animate Armour           Summ/Erth      0%         N/A       100%        4
 Animate Dead             Necr           0%         N/A       100%        4
 Cause Fear               Hex            0%         N/A       100%        4
 Dimensional Bullseye     Hex/Tloc       0%         N/A       100%        4
 Dispel Undead            Necr           0%         3d6       100%        4
 Fulminant Prism          Conj/Alch      0%         3d5       100%        4
 Ignite Poison            Fire/Alch      0%         N/A       100%        4
 Iskenderun's Mystic Bla  Conj/Tloc      0%         2d3       100%        4
 Martyr's Knell           Necr/Summ      0%         N/A       100%        4
 Olgreb's Toxic Radiance  Alch           0%         N/A       100%        4
 Passage of Golubria      Tloc           0%         N/A       100%        4
 Petrify                  Alch/Erth      0%         N/A       100%        4
 Sticky Flame             Fire/Alch      0%         2d4       100%        4
 Alistair's Intoxication  Alch           0%         N/A       100%        5
 Borgnjor's Vile Clutch   Necr/Erth      0%         N/A       100%        5
 Curse of Agony           Necr           0%         N/A       100%        5
 Fireball                 Conj/Fire      0%         3d3       100%        5
 Freezing Cloud           Conj/Ice/Air   0%         6-21      100%        5
 Iskenderun's Battlesphe  Conj           0%         2d6       100%        5
 Metabolic Englaciation   Hex/Ice        0%         N/A       100%        5
 Silence                  Hex/Air        0%         N/A       100%        5
 Yara's Violent Unravell  Hex/Alch       0%         3d3       100%        5
 Bombard                  Conj/Erth      0%         9d1       100%        6
 Death Channel            Necr           0%         N/A       100%        6
 Eringya's Noxious Bog    Alch           0%         4d6       100%        6
 Enfeeble                 Hex            0%         N/A       100%        7
 Haunt                    Necr/Summ      0%         N/A       100%        7
 Malign Gateway           Summ/Tloc      0%         N/A       100%        7
 Ozocubu's Refrigeration  Ice            0%         4d7       100%        7
 Spellforged Servitor     Conj/Summ      0%         N/A       100%        7
 Summon Hydra             Summ           0%         N/A       100%        7
 Discord                  Hex            0%         N/A       100%        8
 Infestation              Necr           0%         N/A       100%        8
 Lehudib's Crystal Spear  Conj/Erth      0%         10d2      100%        8
 Summon Horrible Things   Summ           0%         N/A       100%        8
 Dragon's Call            Summ           0%         N/A       100%        9
 Shatter                  Erth           0%         3d5*      100%        9


Dungeon Overview and Level Annotations

Branches:
Dungeon (15/15)            Temple (0/1) D:7            Lair (5/5) D:10
  Swamp (4/4) Lair:3       Spider (4/4) Lair:3        Slime (5/5) Lair:4
    Orc (2/2) D:11            Elf (3/3) Orc:2        Vaults (5/5) D:13
  Crypt (3/3) Vaults:3       Tomb (1/3) Crypt:3      Depths (4/4) D:15
   Hell (visited)             Dis (0/7) Hell            Geh (0/7) Hell
    Tar (0/7) Hell            Zot (4/5) Depths:4
    Coc: Hell:1

Altars:
Ashenzari
Fedhas
Gozag
Hepliaklqana
Okawaru
Qazlal
Trog
Uskayaw
Yredelemnul
Zin
The Shining One
Jiyva
Lugonu

Shops:
D:3 [   D:9 [   D:11 ((   Orc:2 ![::*   Elf:1 *   Elf:3 :   Vaults:1 *
Vaults:2 !   Vaults:4 !:   Vaults:5 ????[=

Portals:
Hell: Depths:1 Depths:2 Depths:3 Depths:4
Abyss: Depths:2 Depths:3
Pandemonium: Depths:2

Annotations:
Swamp:1 2 transporters, exclusion: orange crystal statue
Spider:2 2 transporters
Crypt:2 3 runed translucent doors, Weuw's ghost, adept GrFi
Hell exclusion: 2 ice statues


Innate Abilities, Weirdness & Mutations

Your life essence is reduced to manifest your ancestor. (-10% HP)
You can wield a second weapon in your off-hand.
It takes a long time for you to wield or remove held weapons.
Your first few attacks do less damage.
You cannot equip rings or amulets.
You are clumsy. (Dex -2)
Armour fits poorly on your strangely shaped body.
Your magical capacity is low. (-10% MP)
You are robust. (+10% HP)
You do not regenerate when monsters are visible.
Potions are less effective at restoring your health.
You are vulnerable to cold. (rC-)


Message History

The bolt of lightning hits austrian painter.
A storm dragon comes into view.
Austrian painter hits the storm dragon with a +0 lajatang of freezing!!!!
Austrian painter freezes the storm dragon!!
The storm dragon dies!
The storm dragon scales are intact enough to wear.
The quicksilver dragon bites you but does no damage.
The quicksilver dragon claws you but does no damage.
A red draconian scorcher comes into view.
It is wielding a +0 whip.
The tentacled monstrosity tentacle-slaps you but does no damage. x3
The tentacled monstrosity constricts you!
* * * LOW HITPOINT WARNING * * *
The black draconian hits austrian painter with a +0 halberd.
The tentacled monstrosity tentacle-slaps you but does no damage. x3
The shadow dragon bites you.
* * * LOW HITPOINT WARNING * * *
You feel drained. The shadow dragon claws you!
* * * LOW HITPOINT WARNING * * *
The shadow dragon claws you but does no damage.
The orb of fire glows bright magenta.
Strange energies course through your body.
You feel less energetic.
The green draconian monk moves out of view.
You hear a deafening roar!
Blink to where?
Press: ? - help, Q - select action, (/) - cycle Dir - move target You blink free of the tentacled monstrosity.
A black draconian knight, a yellow draconian annihilator and a red draconian come into view.
The black draconian knight is wielding a +3 vampiric battleaxe.
Found an amulet of guardian spirit.
As you read the scroll of blinking, it crumbles to dust.
The black draconian knight roars!
The yellow draconian annihilator roars!
The red draconian roars!
The orb of fire glows deep purple.
Strange energies course through your body.
Your body twists and deforms.
The black draconian knight gestures at you while chanting.
The bolt of cold hits you!!
You die...
Hepliaklqana delivers you to your ancestors.

*,,,,,,*,**,*,**,,,,,,,,,,,,,,,,,
,,,,,,,,,,#.#.........#.,,*,,,,,,
,,,,,,,*,.#.#.......#...,,,,,,,,,
*,,,,,,,,......"........,,,,,,,,,
,,,,,,,,,...............,,,,,,,,,
,,,,,,,,,...............,,,^,,,**
,,,,,,,,,..................,,,,,,
*,,***,*,###.....................
,,,**,,,,.......@.....#.#........
,,,,,,,,,.............#.#.###.##.
*,*,*,*,,....q.....#.##.#.###.##.
,*,*,*,**#.#q.d..q........D...##.
*,*,*,*,,.........##.##.#.######.
,*,*,*,*,............X.D.....###.
*,*,*,*,*.##...........X#.##.###.
,*,*,*,**,*#........dq*§DD.......
*,*,*,*,*,**,,.......RDd####.###.


You could see an orb of fire, 2 tentacled monstrosities, a green draconian monk,
a black draconian knight, a red draconian and a yellow draconian annihilator.

Vanquished Creatures
  An orb of fire (Zot:2)
  A juggernaut (Depths:3)
  Saint Roka (Crypt:1)
  Bai Suzhen (Elf:3)
  the Enchantress (Depths:2)
  Nikola (Elf:3)
  2 bone dragons (Crypt:3)
  4 golden dragons
  A hellephant (Hell)
  5 tentacled monstrosities
  Jorgrun (Swamp:2)
  A walking crystal tome (Depths:3)
  3 deep elf blademasters
  Rupert (Spider:1)
  5 liches
  A deep elf master archer (Elf:3)
  10 acid blobs
  2 titans (Vaults:5)
  5 quicksilver dragons
  6 sphinxes
  4 ancient champions
  5 death cobs
  A thorn hunter (Swamp:2)
  5 shadow dragons
  4 tengu reavers
  2 storm dragons
  Aizul (Spider:4)
  2 protean progenitors (Zot:1)
  Donald (Elf:2)
  Roxanne (D:15)
  23 azure jellies
  7 fire giants
  13 rockslimes
  6 frost giants
  A draconian knight (Zot:1)
  5 emperor scorpions (Spider:4)
  A revenant (Tomb:1)
  A draconian monk (Zot:2)
  A deep elf elementalist (Elf:3)
  An iron dragon (Hell)
  21 vault wardens
  Louise (Swamp:3)
  A draconian shifter (Zot:1)
  4 ghost moths
  An orc warlord (Orc:2)
  A deep elf sorcerer (Elf:3)
  A shard shrike simulacrum (Hell)
  4 curse skulls
  A ghoul (Crypt:3)
  A caustic shrike zombie (Depths:3)
  A draconian annihilator (Depths:4)
  A draconian stormcaller (Zot:1)
  4 caustic shrike skeletons (Depths:2)
  A broodmother (Spider:4)
  13 ironbound preservers
  A juggernaut skeleton (Depths:3)
  2 spriggan defenders (Depths:2)
  2 very ugly things
  7 ironbound thunderhulks
  7 stone giants
  20 quicksilver oozes
  2 formless jellyfish
  4 green draconians
  5 deep elf demonologists
  4 deep elf death magi
  5 vampire knights
  A black draconian (Zot:1)
  5 deep elf annihilators
  3 red draconians
  15 dire elephants
  2 purple draconians
  A yellow draconian (Zot:2)
  3 war gargoyles
  4 bunyips
  5 spark wasps
  7 eleionomae
  An eidolon (Crypt:3)
  2 mummy priests (Tomb:1)
  2 blizzard demons (Hell)
  6 ettins
  2 iron golems (Hell)
  A crystal guardian (Vaults:4)
  3 entropy weavers
  Josephine (Orc:2)
  3 fire dragons
  7 deep elf high priests
  2 jiangshi (Crypt:1)
  7 yaktaur captains
  2 peacekeepers
  6 ice dragons
  2 spriggan zombies
  6 great orbs of eyes
  4 rakshasas
  9 alligators
  4 spriggan air magi
  22 hydras
  32 vault guards
  A hell beast (Hell)
  A catoblepas (Lair:5)
  2 ogre magi
  2 jorogumos (Spider:4)
  A juggernaut simulacrum (Depths:1)
  2 spriggan skeletons
  2 centaur warriors
  15 two-headed ogres
  A ghost crab (Swamp:3)
  7 boulder beetles
  7 ironbound frosthearts
  18 dancing weapons
  11 death yaks
  A two-headed ogre (shapeshifter) (Vaults:5)
  3 death scarabs (Tomb:1)
  A deep troll earth mage (Depths:1)
  9 demonic crawlers
  A deep troll shaman (Depths:3)
  3 orc high priests
  3 hell hogs (Hell)
  Urug (D:12)
  2 occultists (Depths:2)
  6 tengu warriors
  4 vampire magi
  4 spriggan berserkers
  8 hell knights
  A soul eater (Hell)
  A sun demon (Hell)
  Amaemon (Lair:2)
  2 skysharks
  18 skeletal warriors
  12 deep elf knights
  5 pharaoh ants
  24 deep trolls
  3 goliath frogs
  6 arcanists
  2 glowing orange brains
  2 shadow wraiths
  2 iron trolls
  5 spriggan druids
  2 deep trolls (shapeshifter) (Vaults:3)
  2 flayed ghosts
  3 orb spiders
  17 ironbound convokers
  3 bog bodies
  11 swamp dragons
  4 phantasmal warriors
  3 harpies (Vaults:1)
  9 deep elf archers
  6 steelbarb worms
  9 lindwurms
  4 thermic dynamos
  16 deep elf zephyrmancers
  An orange crystal statue (Tomb:1)
  6 orc knights
  20 ugly things
  14 deep elf pyromancers
  9 necromancers
  A shining eye (shapeshifter) (Vaults:5)
  3 shadow dragon skeletons
  18 wolf spiders
  6 cyclopes
  8 orc sorcerers
  3 moths of wrath
  6 shining eyes
  3 meliai (Spider:4)
  5 will-o-the-wisps
  A centaur zombie (Hell)
  5 black mambas
  An elephant (shapeshifter) (Depths:4)
  3 manticores
  7 rust devils (Hell)
  19 vault sentinels
  62 slime creatures
  16 elephants
  2 eyes of devastation
  2 kobold blastminers (Orc:2)
  A centaur skeleton (Tomb:1)
  19 cane toads
  An orange demon (Lair:2)
  An alligator snapping turtle zombie (Crypt:1)
  An unseen horror (D:13)
  An orb spider zombie (Crypt:2)
  5 torpor snails
  4 rime drakes
  An unseen horror (shapeshifter) (D:15)
  A storm dragon simulacrum (Depths:3)
  9 komodo dragons
  7 tengu conjurers
  17 yaktaurs
  An ice devil (Hell)
  7 freezing wraiths
  3 hydra zombies
  A sea snake zombie (Hell)
  A sea snake skeleton (Hell)
  4 guardian mummies
  2 bloated husks
  4 trolls
  A merfolk (shapeshifter) (Vaults:4)
  3 tyrant leeches
  6 polar bears
  18 tarantellas
  19 hornets
  13 blink frogs
  A glass eye (Slime:5)
  A snapping turtle (shapeshifter) (Vaults:5)
  12 culicivoras
  An iron dragon simulacrum (Hell)
  A meliai zombie (Crypt:2)
  39 spriggans
  2 shadows
  A black mamba zombie (Hell)
  11 jumping spiders
  A satyr skeleton (Crypt:1)
  37 yaks
  2 air elementals
  4 ettin skeletons
  A vampire (D:12)
  3 water elementals
  3 ushabtiu (Tomb:1)
  2 wyverns (Lair:5)
  3 steam dragons
  4 wraiths
  A fire elemental (Elf:1)
  2 golden eyes (Slime:5)
  5 basilisks
  A redback (shapeshifter) (Elf:1)
  2 vampire mosquitoes
  39 redbacks
  A swamp worm (shapeshifter) (Depths:3)
  A faun zombie (Crypt:3)
  11 swamp worms
  A naga zombie (Hell)
  Edmund (D:5)
  An acid dragon (D:12)
  11 water moccasins
  Duvessa (D:5)
  6 human skeletons (Vaults:3)
  An elephant zombie (Crypt:3)
  A naga skeleton (Crypt:3)
  9 orc warriors
  7 sky beasts
  A sky beast (shapeshifter) (Vaults:5)
  3 black bears
  2 ice beasts (D:7)
  A snapping turtle zombie (Crypt:2)
  6 swamp drakes (Swamp:4)
  4 laughing skulls
  An ogre (shapeshifter) (Elf:3)
  4 ogres
  18 wolves
  3 boggarts (D:14)
  7 centaurs
  A manticore skeleton (Crypt:1)
  A phantom (D:7)
  Blork the orc (D:5)
  11 bullfrogs
  5 kobold brigands
  A fire crab zombie (Crypt:1)
  4 gnoll sergeants
  3 scorpions
  3 earth elementals
  8 wights
  Dowan (D:5)
  A cyclops skeleton (Crypt:3)
  A shapeshifter zombie (Crypt:2)
  22 killer bees
  5 electric eels
  3 howler monkeys
  3 bombardier beetles
  2 jellies
  4 hounds
  A gnoll bouda (D:7)
  11 orc priests
  12 orc wizards
  A sleepcap (D:7)
  4 iguanas
  A brain worm zombie (Crypt:3)
  A tengu skeleton (Crypt:2)
  7 mummies
  2 adders
  17 gnolls
  A steam dragon zombie (Crypt:1)
  A shadow imp (D:8)
  5 white imps
  A howler monkey simulacrum (D:11)
  A ribbon worm (D:3)
  2 dart slugs
  33 orcs
  6 ball pythons
  4 bats
  8 endoplasms
  2 giant cockroaches (D:1)
  12 hobgoblins
  12 jackals
  21 kobolds
  3 quokkas
  3 frilled lizards
  12 goblins
  A kobold skeleton (Crypt:1)
  A kobold zombie (Crypt:3)
  6 rats
1637 creatures vanquished.

Vanquished Creatures (collateral kills)
  the Royal Jelly (Slime:5)
  A dread lich (Crypt:3)
  the Lernaean hydra (Swamp:4)
  Geryon (Hell)
  A tentacled monstrosity (Vaults:5)
  2 deep elf blademasters (Elf:3)
  2 liches
  A shard shrike skeleton (Crypt:2)
  A deep elf master archer (Elf:3)
  A tainted leviathan (Hell)
  A titan (Vaults:5)
  A quicksilver dragon (Zot:1)
  7 acid blobs
  5 sphinxes
  An ancient champion (Tomb:1)
  A death cob (Zot:1)
  5 shadow dragons
  3 storm dragons
  7 azure jellies
  A fire giant (Vaults:5)
  8 rockslimes
  2 draconian knights (Zot:1)
  2 frost giants
  A deep elf elementalist (Elf:2)
  A draconian scorcher (Zot:1)
  A juggernaut zombie (Depths:3)
  5 vault wardens
  3 draconian shifters
  4 emperor scorpions
  A reaper (Hell)
  2 deep elf sorcerers
  3 draconian stormcallers
  3 ghouls
  2 very ugly things
  A broodmother (Spider:4)
  2 caustic shrike skeletons (Depths:2)
  A formless jellyfish (Vaults:3)
  2 spriggan defenders (Depths:2)
  2 stone giants (Depths:2)
  3 quicksilver oozes
  4 ironbound preservers
  Nessos (D:14)
  4 ironbound thunderhulks
  6 deep elf annihilators
  2 deep elf demonologists
  A black draconian (Depths:4)
  3 putrid mouths (Hell)
  6 deep elf death magi
  A vampire knight (Crypt:2)
  A lorocyproca (Hell)
  2 eleionomae (Swamp:4)
  2 war gargoyles
  2 purple draconians (Zot:1)
  A yellow draconian (Zot:1)
  2 spark wasps (Depths:3)
  A dire elephant (Vaults:3)
  2 ettins
  2 fire dragons
  3 yaktaur captains (Vaults:5)
  3 jiangshi
  3 mummy priests (Tomb:1)
  An iron golem (Hell)
  An ogre mage (Vaults:5)
  2 deep elf high priests (Elf:3)
  8 vault guards
  An entropy weaver (Vaults:3)
  4 great orbs of eyes (Slime:5)
  2 radroaches
  2 rakshasas
  A spriggan air mage (Depths:2)
  5 alligators
  8 hydras
  5 centaur warriors
  A spriggan skeleton (Tomb:1)
  2 ironbound frosthearts
  13 dancing weapons
  3 two-headed ogres
  3 death scarabs (Tomb:1)
  4 demonic crawlers
  A deep troll earth mage (Vaults:5)
  A vampire mage (Crypt:2)
  3 spriggan berserkers (Depths:2)
  An orc high priest (Crypt:1)
  3 hell knights
  2 soul eaters
  12 spriggans
  2 sun demons (Hell)
  Sonja (Lair:2)
  9 deep elf knights
  A fire crab (shapeshifter) (Vaults:5)
  9 deep trolls
  A shadow wraith (Crypt:2)
  A sun moth (Spider:2)
  A goliath frog (Swamp:1)
  11 skeletal warriors
  5 pharaoh ants
  5 orb spiders
  An orb spider (shapeshifter) (Vaults:5)
  3 swamp dragons
  2 bog bodies
  4 spriggan druids
  A glowing orange brain (Depths:1)
  4 ironbound convokers
  5 lindwurms
  A flayed ghost (Crypt:1)
  2 arcanists
  An anaconda skeleton (Hell)
  4 deep elf archers
  4 phantasmal warriors
  An orc knight (Orc:2)
  2 thermic dynamos
  16 deep elf zephyrmancers
  A necromancer (Depths:4)
  A broodmother zombie (Crypt:1)
  7 deep elf pyromancers
  2 ugly things (Vaults:4)
  8 wolf spiders
  An alligator zombie (Hell)
  A faun (shapeshifter) (Elf:2)
  A tengu skeleton (Vaults:3)
  2 manticores
  3 will-o-the-wisps
  A cyclops (D:12)
  3 moths of wrath
  An alligator skeleton (Hell)
  2 rust devils (Hell)
  28 slime creatures
  7 elephants
  3 cane toads
  8 vault sentinels
  2 torpor snails
  A rime drake (Lair:5)
  An unseen horror (shapeshifter) (D:13)
  7 yaktaurs
  A freezing wraith (Hell)
  2 komodo dragons
  A tengu conjurer (Depths:3)
  An anaconda simulacrum (Hell)
  4 guardian mummies (Tomb:1)
  A hydra zombie (Hell)
  2 trolls
  A polar bear (Lair:1)
  3 hornets
  A bloated husk (Swamp:4)
  A tarantella (Spider:4)
  3 tyrant leeches
  3 jumping spiders
  A glass eye (Slime:2)
  An iron dragon simulacrum (Depths:1)
  7 blink frogs
  3 culicivoras
  An ushabti (Tomb:1)
  A water elemental (D:11)
  6 yaks
  2 air elementals
  4 wraiths
  A golden eye (shapeshifter) (D:13)
  2 vampire mosquitoes
  10 redbacks
  An acid dragon (D:9)
  5 swamp worms
  3 water moccasins
  A water nymph skeleton (Crypt:1)
  A swamp drake (Swamp:4)
  A glowing shapeshifter skeleton (Depths:3)
  4 orc warriors
  4 laughing skulls
  5 ogres
  3 centaurs (D:13)
  A snapping turtle skeleton (Crypt:3)
  2 wolves (Lair:1)
  A bullfrog (Lair:4)
  A gnoll sergeant (D:11)
  A wyvern zombie (Crypt:3)
  2 killer bees
  An electric eel (Lair:3)
  3 howler monkeys (D:11)
  7 orc priests
  A scorpion zombie (Crypt:3)
  5 orc wizards (Orc:2)
  A black bear skeleton (Crypt:3)
  A sky beast zombie (Crypt:1)
  2 naga skeletons (Crypt:2)
  16 mummies
  9 gnolls
  An ufetubus (D:11)
  7 orcs
  A goblin (D:9)
  5 kobolds
  An aspiring flesh (Zot:1)
582 creatures vanquished.

Vanquished Creatures (others)
  A vault warden (Vaults:1)
  An ironbound preserver (Vaults:1)
  A stone giant (Depths:3)
  A green draconian (Zot:4)
  A deep elf death mage (Vaults:5)
  An orc high priest (Orc:2)
  A deep elf pyromancer (Elf:1)
  2 bloated husks
  2 ancestors
  39 battlemagi
  35 foxfires
85 creatures vanquished.

Grand Total: 2304 creatures vanquished

Notes
Turn   | Place    | Note
-------+----------+-------------------------------------------
     0 | D:1      | retardedninja the Coglin Fighter began the quest for the
                  | Orb.
     0 | D:1      | Reached XP level 1. HP: 18/18 MP: 1/1
    97 | D:1      | Reached XP level 2. HP: 24/24 MP: 2/2
   282 | D:1      | Reached XP level 3. HP: 29/29 MP: 3/3
   801 | D:2      | Identified the +3 cloak of Action {rElec Will+}
   986 | D:2      | Reached XP level 4. HP: 37/37 MP: 4/4
  1727 | D:3      | Found Kolo's Armour Boutique.
  2062 | D:3      | Reached XP level 5. HP: 42/42 MP: 5/5
  2697 | D:4      | Reached XP level 6. HP: 47/49 MP: 6/6
  2875 | D:5      | Entered Level 5 of the Dungeon
  3003 | D:5      | Found a hazy altar of Hepliaklqana.
  3009 | D:5      | Noticed Edmund
  3023 | D:5      | Killed Edmund
  3024 | D:5      | Reached skill level 5 in Fighting
  3142 | D:5      | Noticed a sky beast
  3156 | D:5      | Killed a sky beast
  3157 | D:5      | Reached XP level 7. HP: 56/56 MP: 7/7
  3180 | D:5      | You fall into a shaft and drop 2 floors!
  3233 | D:7      | Reached skill level 5 in Axes
  3322 | D:7      | Reached XP level 8. HP: 47/64 MP: 8/8
  3501 | D:7      | Reached skill level 5 in Armour
  3808 | D:6      | Reached XP level 9. HP: 47/72 MP: 9/9
  4389 | D:5      | Noticed Duvessa
  4389 | D:5      | Noticed Dowan
  4399 | D:5      | Killed Duvessa
  4407 | D:5      | Killed Dowan
  4527 | D:5      | Noticed Blork the orc
  4533 | D:5      | Killed Blork the orc
  4584 | D:5      | Found a broken altar of Ashenzari.
  5044 | D:5      | Found a hide-covered altar of Uskayaw.
  5083 | D:5      | Found a blossoming altar of Fedhas.
  5114 | D:5      | Found a glowing silver altar of Zin.
  5148 | D:5      | Became a worshipper of Hepliaklqana the Forgotten
  5415 | D:6      | Identified the +1 ring mail of the Hairy God {Harm}
  5909 | D:7      | Found a staircase to the Ecumenical Temple.
  6635 | D:7      | Reached XP level 10. HP: 41/83 MP: 7/10
  7113 | D:8      | Reached * piety under Hepliaklqana
  7511 | D:8      | Found a stormy altar of Qazlal.
  7574 | D:8      | Reached skill level 10 in Fighting
  7887 | D:8      | Found a basalt altar of Yredelemnul.
  7898 | D:8      | Found a glowing golden altar of the Shining One.
  7900 | D:8      | Noticed an angel
  7943 | D:8      | Found an opulent altar of Gozag.
  8373 | D:9      | Reached skill level 10 in Axes
  8634 | D:9      | Found Dyodd's Armour Shoppe.
  8690 | D:9      | Reached ** piety under Hepliaklqana
  8696 | D:9      | Remembered your ancestor austrian painter as a battlemage
  8942 | D:9      | Reached XP level 11. HP: 75/82 MP: 11/11
  9651 | D:10     | Entered Level 10 of the Dungeon
  9655 | D:10     | Noticed a two-headed ogre
  9664 | D:10     | Killed a two-headed ogre
  9911 | D:10     | Found a staircase to the Lair.
 10263 | D:10     | Reached *** piety under Hepliaklqana
 10555 | D:10     | Noticed a two-headed ogre
 10560 | D:10     | Killed a two-headed ogre
 10913 | D:11     | Found Nesorghe's Weapon Boutique.
 10980 | D:11     | Found a staircase to the Orcish Mines.
 11183 | D:11     | Noticed a two-headed ogre
 11191 | D:11     | Killed a two-headed ogre
 11320 | D:11     | Found Vuipi's Hydra Hut.
 11323 | D:11     | Noticed a seven-headed hydra
 11354 | D:11     | Reached XP level 12. HP: 78/92 MP: 12/12
 11474 | D:11     | Identified the +1 robe of the Riding Gods {rF++ Str+3 Int-2
                  | Stlth+}
 11531 | D:11     | Found a frozen archway.
 11791 | Orc:1    | Entered Level 1 of the Orcish Mines
 12626 | D:12     | Noticed Urug
 12636 | D:12     | Killed Urug
 14695 | D:13     | Noticed a centaur warrior
 15072 | D:13     | Killed a centaur warrior
 15121 | D:13     | Reached **** piety under Hepliaklqana
 15128 | D:13     | Found a gate to the Vaults.
 15128 | D:13     | Noticed a vault guard
 15128 | D:13     | Noticed a vault guard
 15128 | D:13     | Noticed a vault guard
 15128 | D:13     | Noticed a vault guard
 15128 | D:13     | Noticed a vault guard
 15128 | D:13     | Noticed a vault guard
 15128 | D:13     | Noticed a vault guard
 15198 | D:10     | Identified 2 scrolls of acquirement
 15198 | D:10     | Acquired the +0 pair of gloves of the gadgeteer {Gadgeteer
                  | Wandboost ^Fragile}
 15198 | D:10     | Found the +0 pair of gloves of the gadgeteer {Gadgeteer
                  | Wandboost ^Fragile}
 15205 | D:10     | Acquired 964 gold pieces
 15651 | Lair:1   | Entered Level 1 of the Lair of Beasts
 15875 | Lair:1   | Reached XP level 13. HP: 95/100 MP: 13/13
 16779 | Lair:2   | Got Percheeti's Disquisition on Necrotic Freezing
 16988 | Lair:2   | Reached skill level 10 in Armour
 17371 | Lair:2   | Noticed Sonja
 17374 | Lair:2   | Killed Sonja
 17475 | Lair:2   | You fall into a shaft and drop 2 floors!
 17525 | Lair:4   | Reached skill level 15 in Fighting
 17626 | Lair:4   | Reached skill level 15 in Axes
 18318 | Lair:3   | Found a staircase to the Swamp.
 18324 | Lair:3   | Reached XP level 14. HP: 85/110 MP: 14/14
 18702 | Lair:2   | Noticed Amaemon
 18710 | Lair:2   | Killed Amaemon
 18863 | Lair:2   | Reached ***** piety under Hepliaklqana
 18969 | Lair:2   | Acquired an automatic dynamo {rPois Will+ Regen+ RegenMP+
                  | rCorr}
 19038 | Lair:3   | Found a hole to the Spider Nest.
 19339 | Lair:3   | Found a transporter.
 19384 | Lair:3   | Found a transporter.
 20977 | Lair:4   | Found a staircase to the Slime Pits.
 21157 | Lair:5   | Entered Level 5 of the Lair of Beasts
 21233 | Lair:5   | Identified the +6 flail of Ru's Reproof {drain, Dex+5 SInv}
 21429 | Lair:5   | Noticed a dire elephant
 21435 | Lair:5   | Killed a dire elephant
 21458 | Lair:5   | Reached XP level 15. HP: 103/118 MP: 15/15
 22675 | D:13     | Reached skill level 1 in Invocations
 23138 | D:14     | Noticed Nessos
 23427 | D:14     | Reached ****** piety under Hepliaklqana
 23447 | D:14     | Killed Nessos
 23852 | D:15     | Entered Level 15 of the Dungeon
 23859 | D:15     | Noticed Roxanne
 23889 | D:15     | Killed Roxanne
 24212 | D:15     | Identified the +0 hand axe "Webac" {pain, rC- rCorr Dex+7}
 24516 | D:15     | Identified the ring "Semoceug" {rPois Will+ Int-2 SInv}
 24619 | D:15     | Found a portal to a secret trove of treasure.
 24715 | D:15     | Found a staircase to the Depths.
 25105 | Orc:2    | Entered Level 2 of the Orcish Mines
 25105 | Orc:2    | Noticed Josephine
 25121 | Orc:2    | Killed Josephine
 25161 | Orc:2    | Found a staircase to the Elven Halls.
 25166 | Orc:2    | Reached XP level 16. HP: 118/128 MP: 18/18
 25642 | Orc:2    | Found Muew's Assorted Antiques.
 25642 | Orc:2    | Found Wuetz's Book Shop.
 25723 | Orc:2    | Found Archeigh's Book Shoppe.
 25723 | Orc:2    | Found Rinew's Armour Shoppe.
 26025 | Orc:2    | Found Ulos's Distillery.
 26036 | Orc:2    | Bought a potion of might for 64 gold pieces
 26036 | Orc:2    | Bought a potion of heal wounds for 80 gold pieces
 26036 | Orc:2    | Bought a potion of might for 64 gold pieces
 26036 | Orc:2    | Bought a potion of curing for 48 gold pieces
 26036 | Orc:2    | Bought a potion of curing for 48 gold pieces
 26036 | Orc:2    | Bought a potion of might for 64 gold pieces
 26036 | Orc:2    | Bought a potion of curing for 48 gold pieces
 26505 | Swamp:1  | Entered Level 1 of the Swamp
 26530 | Swamp:1  | Found a transporter.
 26530 | Swamp:1  | Noticed a thorn hunter
 27418 | Swamp:1  | Found a transporter.
 28405 | Swamp:2  | Noticed Jorgrun
 28420 | Swamp:2  | Killed Jorgrun
 28471 | Swamp:2  | Got the Grimoire of Overhead Damage
 28548 | Swamp:2  | Noticed a thorn hunter
 28562 | Swamp:2  | Killed a thorn hunter
 29325 | Swamp:3  | Reached skill level 1 in Dodging
 29370 | Swamp:3  | Reached XP level 17. HP: 117/135 MP: 20/20
 29415 | Swamp:3  | Reached skill level 5 in Invocations
 29504 | Swamp:3  | Noticed Louise
 29520 | Swamp:3  | Killed Louise
 29824 | Swamp:4  | Entered Level 4 of the Swamp
 30844 | Swamp:4  | Noticed the 27-headed Lernaean hydra
 31055 | Swamp:4  | Killed the 27-headed Lernaean hydra
 31113 | Swamp:4  | Got a decaying rune of Zot
 31401 | Elf:1    | Entered Level 1 of the Elven Halls
 31404 | Elf:1    | Paralysed by an air elemental for 1 turns
 32734 | Lair:3   | Acquired 672 gold pieces
 32736 | Lair:3   | Acquired the +8 mithril axe "Arga" {speed, Will+}
 32736 | Lair:3   | Found the +8 mithril axe "Arga" {speed, Will+}
 32750 | Lair:3   | Acquired 1193 gold pieces
 32886 | Vaults:1 | Entered Level 1 of the Vaults
 32906 | Vaults:1 | Found Aqewid's General Store.
 33014 | Vaults:1 | Identified the death talisman "Keacsor" {Str+5 Dex+3}
 33152 | Vaults:1 | Reached XP level 18. HP: 107/144 MP: 22/22
 34523 | Vaults:2 | Paralysed by a formless jellyfish for 1 turns
 34528 | Vaults:2 | Reached skill level 5 in Dodging
 35072 | Vaults:2 | Found Paapukim's Distillery.
 35087 | Vaults:2 | Bought a potion of curing for 30 gold pieces
 35087 | Vaults:2 | Bought a potion of curing for 30 gold pieces
 35087 | Vaults:2 | Bought a potion of heal wounds for 50 gold pieces
 35087 | Vaults:2 | Bought a potion of mutation for 80 gold pieces
 35087 | Vaults:2 | Bought 2 potions of heal wounds for 100 gold pieces
 35087 | Vaults:2 | Bought a potion of heal wounds for 50 gold pieces
 35087 | Vaults:2 | Bought a potion of berserk rage for 50 gold pieces
 36056 | Vaults:2 | Reached XP level 19. HP: 90/153 MP: 24/24
 37195 | Vaults:3 | Identified the +2 rapier of the Morning {speed, ^Drain
                  | Dex+7}
 37536 | Vaults:3 | Paralysed by a formless jellyfish for 1 turns
 37600 | Vaults:3 | Acquired 790 gold pieces
 37860 | Vaults:3 | Found a staircase to the Crypt.
 39079 | Vaults:4 | Found Vuumpom's Book Boutique.
 39145 | Vaults:4 | Reached XP level 20. HP: 162/162 MP: 26/26
 39732 | Vaults:4 | Found Toroypsu's Distillery.
 39851 | Vaults:4 | Bought a potion of haste for 220 gold pieces
 39851 | Vaults:4 | Bought a potion of curing for 66 gold pieces
 39851 | Vaults:4 | Bought a potion of invisibility for 176 gold pieces
 39851 | Vaults:4 | Bought a potion of heal wounds for 110 gold pieces
 39851 | Vaults:4 | Bought a potion of curing for 66 gold pieces
 39851 | Vaults:4 | Bought a potion of heal wounds for 110 gold pieces
 39851 | Vaults:4 | Bought a potion of curing for 66 gold pieces
 39851 | Vaults:4 | Bought a potion of haste for 220 gold pieces
 40672 | Elf:1    | Found Hukleps's General Store.
 40680 | Elf:1    | Bought a wand of roots (5) for 180 gold pieces
 40680 | Elf:1    | Bought a scroll of enchant armour for 112 gold pieces
 40680 | Elf:1    | Bought a wand of digging (5) for 315 gold pieces
 40680 | Elf:1    | Bought a scroll of revelation for 112 gold pieces
 40680 | Elf:1    | Bought a wand of digging (4) for 252 gold pieces
 41633 | Elf:2    | Noticed Donald
 41643 | Elf:2    | Killed Donald
 41695 | Elf:2    | Found a runed translucent gate.
 41696 | Elf:2    | Found a runed translucent gate.
 41700 | Elf:2    | Found a runed translucent gate.
 41932 | Elf:2    | Reached skill level 15 in Armour
 42797 | Crypt:1  | Entered Level 1 of the Crypt
 43741 | Spider:1 | Entered Level 1 of the Spider Nest
 43777 | Spider:1 | Reached XP level 21. HP: 149/170 MP: 27/27
 44177 | Spider:1 | Noticed Rupert
 44185 | Spider:1 | Killed Rupert
 44541 | Spider:2 | Found a transporter.
 44542 | Spider:2 | Found a transporter.
 44722 | Spider:2 | Got Gurips's Octavo of Ill-starred Spelunking
 45269 | Spider:3 | Found the +8 arc blade {discharge, rElec}
 45755 | Spider:4 | Entered Level 4 of the Spider Nest
 45808 | Spider:4 | Identified the serpent talisman of Sorcery {rC+++ Will-
                  | Int+4 Stlth+}
 45808 | Spider:4 | Noticed Aizul
 45818 | Spider:4 | Killed Aizul
 46829 | Spider:4 | Got a gossamer rune of Zot
 47490 | Depths:1 | Entered Level 1 of the Depths
 47607 | Depths:1 | You fall into a shaft and drop 1 floor!
 47607 | Depths:2 | Found a gateway to Hell.
 47607 | Depths:2 | Found a one-way gate to the infinite horrors of the Abyss.
 47612 | Depths:2 | Reached XP level 22. HP: 178/178 MP: 27/29
 47614 | Depths:2 | Reached skill level 10 in Invocations
 47807 | Depths:2 | Found a bloodstained altar of Trog.
 48206 | Depths:1 | Found a flickering gateway to a bazaar.
 48212 | Bazaar   | Entered a bazaar
 48215 | Bazaar   | Found Weited's Weapon Shop.
 48240 | Bazaar   | Found Wuih's Magic Scroll Shop.
 48248 | Bazaar   | Bought a scroll of revelation for 67 gold pieces
 48248 | Bazaar   | Bought a scroll of immolation for 36 gold pieces
 48248 | Bazaar   | Bought a scroll of brand weapon for 85 gold pieces
 48248 | Bazaar   | Bought a scroll of teleportation for 27 gold pieces
 48274 | Bazaar   | Found Yrrayrr's Assorted Antiques.
 48282 | Bazaar   | Bought a scroll of butterflies for 136 gold pieces
 48282 | Bazaar   | Bought a scroll labelled POLYMM ODWANY for 34 gold pieces
 48282 | Bazaar   | Bought a wand of polymorph (5) for 238 gold pieces
 48293 | Bazaar   | Found Heys's Book Boutique.
 48378 | Depths:1 | Found a glowing silver altar of Zin.
 48960 | Depths:2 | Reached skill level 10 in Dodging
 49356 | Depths:2 | Found a one-way gate leading to the halls of Pandemonium.
 50051 | Depths:2 | Noticed the Enchantress
 50229 | Depths:2 | Killed the Enchantress
 51486 | Depths:3 | Identified the +6 mace "Inanaif" {flame, rC+}
 51498 | Depths:3 | Reached XP level 23. HP: 152/186 MP: 31/31
 51559 | Depths:3 | Identified the +1 robe of Fepuidiwi {rElec Regen+ rCorr}
 51883 | Depths:3 | Noticed a juggernaut
 51888 | Depths:3 | Killed a juggernaut
 52073 | Depths:3 | Found a corrupted altar of Lugonu.
 52640 | Depths:4 | Entered Level 4 of the Depths
 53313 | Depths:4 | Noticed a golden dragon
 53324 | Depths:4 | Killed a golden dragon
 53330 | Depths:4 | Found a gate to the Realm of Zot.
 53867 | Elf:3    | Entered Level 3 of the Elven Halls
 53895 | Elf:3    | Found Biabbolu's Book Shoppe.
 54050 | Elf:3    | Noticed Nikola
 54063 | Elf:3    | Killed Nikola
 54414 | Elf:3    | Noticed Bai Suzhen
 54458 | Elf:3    | Killed Bai Suzhen
 54609 | Elf:3    | Identified the ring "Woessuse" {rPois rF- rC+ Will+}
 56009 | Elf:3    | Identified the ring of the Frog {AC+4 Str+5 Dex-3}
 56108 | Elf:3    | Identified the +0 flail "Bollet" {flame, Str+5}
 56127 | Elf:3    | Identified the amulet of the Augurer {Acrobat Dex+3}
 56239 | Elf:3    | Identified the +0 pair of gloves of the Blessed Realm {rC+}
 56258 | Elf:3    | Got Vauclezu's Lectures on Prima Materia
 56259 | Elf:3    | Identified the staff "Durun" {rPois MP+9 SInv Stlth- Earth}
 56741 | Vaults:5 | Entered Level 5 of the Vaults
 56949 | Vaults:4 | Reached XP level 24. HP: 61/195 MP: 31/31
 58352 | Vaults:5 | Found Jeesch's Magic Scroll Boutique.
 58506 | Vaults:5 | Bought a scroll of enchant weapon for 135 gold pieces
 58506 | Vaults:5 | Bought a scroll of fear for 72 gold pieces
 58506 | Vaults:5 | Bought a scroll of enchant armour for 135 gold pieces
 58506 | Vaults:5 | Bought a scroll of butterflies for 72 gold pieces
 58506 | Vaults:5 | Bought a scroll of vulnerability for 72 gold pieces
 58506 | Vaults:5 | Bought a scroll of fog for 72 gold pieces
 58506 | Vaults:5 | Bought 3 scrolls of vulnerability for 216 gold pieces
 58600 | Vaults:5 | Found Qeineg Vuy's Magic Scroll Emporium.
 58606 | Vaults:5 | Bought a scroll of blinking for 142 gold pieces
 58606 | Vaults:5 | Bought a scroll of immolation for 76 gold pieces
 58606 | Vaults:5 | Bought a scroll of enchant armour for 142 gold pieces
 58606 | Vaults:5 | Bought a scroll of teleportation for 57 gold pieces
 58606 | Vaults:5 | Bought a scroll of butterflies for 76 gold pieces
 58610 | Vaults:5 | Bought a scroll of acquirement for 988 gold pieces
 58611 | Vaults:5 | Acquired 877 gold pieces
 58818 | Vaults:5 | Got a silver rune of Zot
 58826 | Vaults:5 | Found Casazuxt's Magic Scroll Shop.
 58826 | Vaults:5 | Found Attir's Magic Scroll Emporium.
 58832 | Vaults:5 | Bought a scroll of enchant armour for 150 gold pieces
 58832 | Vaults:5 | Bought a scroll of blinking for 150 gold pieces
 58832 | Vaults:5 | Bought a scroll of enchant armour for 150 gold pieces
 58832 | Vaults:5 | Bought 3 scrolls of blinking for 450 gold pieces
 58839 | Vaults:5 | Bought a scroll of enchant weapon for 90 gold pieces
 58839 | Vaults:5 | Bought a scroll of teleportation for 36 gold pieces
 58839 | Vaults:5 | Bought a scroll of fear for 48 gold pieces
 58839 | Vaults:5 | Bought a scroll of teleportation for 36 gold pieces
 58888 | Vaults:5 | Found Motet's Jewellery Shoppe.
 59760 | Vaults:5 | Found Hoceuliur's Antique Armour Shop.
 60500 | Slime:1  | Entered Level 1 of the Pits of Slime
 60544 | Slime:1  | Gained mutation: You are agile. (Dex +4, Str/Int -1) [a
                  | shining eye]
 60546 | Slime:1  | Gained mutation: You are dopey. (Int -2) [a shining eye]
 61015 | Slime:2  | Gained mutation: You are very agile. (Dex +8, Str/Int -2)
                  | [a shining eye]
 61885 | Slime:5  | Entered Level 5 of the Pits of Slime
 61934 | Slime:5  | Reached XP level 25. HP: 200/204 MP: 32/32
 62165 | Slime:5  | Found a viscous altar of Jiyva.
 62165 | Slime:5  | Noticed the Royal Jelly
 62650 | Slime:5  | Found the necklace of Bloodlust {Fury *Rage Will++ Int-3
                  | Slay+6}
 62786 | Slime:5  | Gained mutation: You are frail. (-10% HP) [a shining eye]
 62878 | Slime:5  | Gained mutation: You have hidden genetic defects. [a
                  | shining eye]
 62882 | Slime:5  | Gained mutation: You occasionally lose the ability to read
                  | scrolls when taking damage. [a shining eye]
 62915 | Slime:4  | Lost mutation: You are frail. (-10% HP) [potion of
                  | mutation]
 62915 | Slime:4  | Lost mutation: You are dopey. (Int -2) [potion of mutation]
 62915 | Slime:4  | Gained mutation: You are weak. (Str -2) [potion of
                  | mutation]
 62915 | Slime:4  | Gained mutation: Your mind is acute. (Int +4, Str/Dex -1)
                  | [potion of mutation]
 62916 | Slime:4  | Lost mutation: You have hidden genetic defects. [potion of
                  | mutation]
 62916 | Slime:4  | Lost mutation: You are very agile. (Dex +8, Str/Int -2)
                  | [potion of mutation]
 62916 | Slime:4  | Gained mutation: You sometimes lose the ability to read
                  | scrolls when taking damage. [potion of mutation]
 62916 | Slime:4  | Gained mutation: You expend magic power (3 MP) to
                  | strengthen your wands. [potion of mutation]
 62916 | Slime:4  | Gained mutation: You passively dampen the noise of your
                  | surroundings. [potion of mutation]
 62917 | Slime:4  | Lost mutation: You are agile. (Dex +4, Str/Int -1) [potion
                  | of mutation]
 62917 | Slime:4  | Lost mutation: You expend magic power (3 MP) to strengthen
                  | your wands. [potion of mutation]
 62917 | Slime:4  | Gained mutation: Your natural rate of healing is unusually
                  | fast. [potion of mutation]
 62918 | Slime:4  | Lost mutation: You passively dampen the noise of your
                  | surroundings. [potion of mutation]
 62918 | Slime:4  | Lost mutation: You are weak. (Str -2) [potion of mutation]
 62918 | Slime:4  | Lost mutation: You sometimes lose the ability to read
                  | scrolls when taking damage. [potion of mutation]
 62918 | Slime:4  | Gained mutation: Your flesh is heat resistant. (rF+)
                  | [potion of mutation]
 62919 | Slime:4  | Lost mutation: Your mind is acute. (Int +4, Str/Dex -1)
                  | [potion of mutation]
 62919 | Slime:4  | Lost mutation: You occasionally lose the ability to read
                  | scrolls when taking damage. [potion of mutation]
 62919 | Slime:4  | Lost mutation: Your natural rate of healing is unusually
                  | fast. [potion of mutation]
 62919 | Slime:4  | Gained mutation: You occasionally lose the ability to drink
                  | potions when taking damage. [potion of mutation]
 62920 | Slime:4  | Lost mutation: You occasionally lose the ability to drink
                  | potions when taking damage. [potion of mutation]
 62920 | Slime:4  | Lost mutation: Your flesh is heat resistant. (rF+) [potion
                  | of mutation]
 62920 | Slime:4  | Gained mutation: You are vulnerable to cold. (rC-) [potion
                  | of mutation]
 62920 | Slime:4  | Gained mutation: You are robust. (+10% HP) [potion of
                  | mutation]
 63041 | Slime:5  | Gained mutation: You are clumsy. (Dex -2) [a shining eye]
 63402 | Slime:5  | Killed the Royal Jelly
 63722 | Slime:5  | Got Tuppit's Vellum of Bringing Forth
 63735 | Slime:5  | Identified the +5 flail of Qoholayr {flame, rN++ rCorr
                  | Int-3}
 63818 | Slime:5  | Identified the +1 scale mail "Tuzucsac" {Dex+4}
 63829 | Slime:5  | Got a slimy rune of Zot
 63832 | Slime:5  | Identified the +3 arbalest "Betiatau" {freeze, rC+ Int+3}
 65586 | Crypt:1  | Noticed Saint Roka
 65605 | Crypt:1  | Killed Saint Roka
 66068 | Crypt:2  | Found a runed translucent gate.
 66069 | Crypt:2  | Found a runed translucent gate.
 66070 | Crypt:2  | Found a runed translucent gate.
 66070 | Crypt:2  | Noticed Weuw's ghost (adept GrFi)
 66071 | Crypt:2  | Found an iron altar of Okawaru.
 66666 | D:15     | You paid a toll of 3 potions of resistance to enter a
                  | treasure trove
 66667 | Trove    | Entered a treasure trove
 66715 | Trove    | Identified the +4 spear of False Hope {flame, ^Contam rC++
                  | Will+++ Dex-4}
 66774 | Trove    | Identified the ring of Dumylaj {Fire rPois rCorr Dex+5}
 67600 | Crypt:3  | Entered Level 3 of the Crypt
 67684 | Crypt:3  | Noticed a dread lich
 67698 | Crypt:3  | Killed a dread lich
 67856 | Crypt:3  | Noticed a dread lich
 67856 | Crypt:3  | Noticed an ancient lich
 67973 | Crypt:3  | Noticed a dread lich
 68208 | Crypt:3  | Found a staircase to the Tomb.
 68374 | Tomb:1   | Entered Level 1 of the Tomb of the Ancients
 68558 | Tomb:1   | Reached XP level 26. HP: 139/237 MP: 32/32
 70298 | Hell     | Entered the Vestibule of Hell
 70298 | Hell     | Noticed Geryon
 70313 | Hell     | Killed Geryon
 70859 | Hell     | Found a gateway to the Iron City of Dis.
 71294 | Hell     | Found a gateway to the ashen valley of Gehenna.
 71407 | Hell     | Found a gateway to the decaying netherworld of Tartarus.
 71870 | Zot:1    | Entered Level 1 of the Realm of Zot
 73089 | Zot:2    | Noticed an orb of fire
 73096 | Zot:2    | Killed an orb of fire
 73393 | Zot:2    | You fall into a shaft and drop 2 floors!
 73415 | Zot:4    | Noticed an orb of fire
 73417 | Zot:4    | Gained mutation: You do not regenerate when monsters are
                  | visible. [an orb of fire]
 73422 | Zot:4    | Gained mutation: Potions are less effective at restoring
                  | your health. [an orb of fire]
 73429 | Zot:4    | HP: 11/236 [shadow dragon (3)]
 73429 | Zot:4    | HP: 2/234 [shadow dragon (9)]
 73429 | Zot:4    | Gained mutation: Your magical capacity is low. (-10% MP)
                  | [an orb of fire]
 73430 | Zot:4    | Gained mutation: Armour fits poorly on your strangely
                  | shaped body. [an orb of fire]
 73430 | Zot:4    | Killed from afar by a black draconian knight

Illustrated notes

Levels and vault maps discovered:
D:1:      ebering_trefoil_twist, layout_loops_ring
D:2:      layout_basic, palyth_stone_intersect, solitary_fountain
D:3:      layout_rooms, serial_shops, shop
D:4:      layout_loops_ring
D:5:      layout_basic, nicolae_ashenzari_panopticon,
          mainiacjoe_overflow_two_lobes, mainiacjoe_overflow_swirl,
          hangedman_decor_points, hangedman_decor_growths, uniq_edmund,
          uniq_duvessa, uniq_blork_the_orc
D:6:      layout_layer_cave
D:7:      minmay_polygon_palace, layout_basic, minmay_temple_entry_nine_rooms
D:8:      layout_cave_pools, grunt_temple_overflow_holy_war, marbit_many_paths,
          mainiacjoe_overflow_surrounded_room, kennysheep_doodads
D:9:      layout_rooms, serial_shops, nicolae_take_the_stairs,
          lightli_bailey_entry_fortress, serial_park_tiny_2,
          hangedman_abyss_or_decor_stagger, hangedman_decor_lopped, minmay_puff
D:10:     layout_irregular_city, lair_entry_dummy
D:11:     layout_rooms, orc_david_3, serial_ice, serial_ice_l, serial_ice_a,
          serial_ice_e, serial_ice_c, portal_ice_cave_entry_animals_and_master,
          doesnt_shop_hydraphobe
D:12:     layout_loops_corners, lightli_corner_chamber, uniq_urug
D:13:     layout_irregular_city, erik_vaults_2, kennysheep_generic_room_11
D:14:     layout_cave_pods, uniq_nessos
D:15:     grunt_enter_depths_snipers, layout_layer_cave, kennysheep_flooded_box,
          nicolae_trove_entry_crystal, uniq_roxanne
Lair:1:   layout_gridlike, infiniplex_staircase_pool, lemuel_fruit_fields,
          lemuel_fruit_tree, grunt_megastairs_2
Lair:2:   layout_gridlike, infiniplex_staircase_pool_2, uniq_amaemon, uniq_sonja
Lair:3:   gammafunk_worm_tunnel, layout_long_grid, palyth_hydra_swamp_entry,
          spider_nest_entry_web_field, serial_bayou, serial_bayou_crossing,
          serial_bayou_pond_a, serial_bayou_lake_a, nicolae_lair_lindhole
Lair:4:   layout_small_grid, slime_entry_1, grunt_megastairs_1
Lair:5:   hangedman_lair_in_review, layout_misc_corridors
Swamp:1:  gammafunk_sealed_arena, layout_falls_marsh, hangedman_swamp_ruin_wall
Swamp:2:  layout_basic_swamp, evilmike_swamp_ruin_rubble_1, uniq_jorgrun
Swamp:3:  layout_basic_swamp, nicolae_swamp_round_clearing, uniq_louise
Swamp:4:  swamp_old_school, layout_basic_swamp, nicolae_swamp_baby_hydras
Spider:1: layout_spider_delve, uniq_rupert
Spider:2: gammafunk_boulding_lane, nicolae_spider_rock_and_or_roll
Spider:3: layout_spider_delve, nicolae_spider_nooks_and_crannies
Spider:4: guppyfry_spider_rune, hangedman_spider_tarantella_strand, uniq_aizul
Slime:1:  layout_caves, nicolae_slime_phagocytosis
Slime:2:  layout_caves
Slime:3:  layout_caves
Slime:4:  layout_caves
Slime:5:  slime_pit_nicolae_block_by_block
Orc:1:    layout_diamond_mine
Orc:2:    st_orc_elflike, layout_caves, serial_shops, shop,
          hellmonk_guarded_unrand_dark_maul, uniq_josephine
Elf:1:    nicolae_elf_arrival_aired_out, layout_gridlike, serial_shops,
          nicolae_shop_hallway_stairs, nicolae_elf_crossing_hall, drop_trap,
          nicolae_letterblocks [nicolae_letter_subblock,
          nicolae_letter_subblock, nicolae_letter_subblock,
          nicolae_letter_subblock, nicolae_letter_subblock,
          nicolae_letter_subblock, nicolae_letter_subblock,
          nicolae_letter_subblock, nicolae_letter_subblock,
          nicolae_letter_subblock, nicolae_letter_subblock,
          nicolae_letter_subblock, nicolae_letter_subblock,
          nicolae_letter_subblock, nicolae_letter_subblock,
          nicolae_letter_subblock, nicolae_letter_subblock,
          nicolae_letter_subblock, nicolae_letter_subblock,
          nicolae_letter_subblock, nicolae_letter_subblock,
          nicolae_letter_subblock, nicolae_letter_subblock,
          nicolae_letter_subblock, nicolae_letter_subblock]
Elf:2:    nicolae_elf_blades_splatter_lattice [mumra_blade_entry_bloodbath],
          layout_geoelf_diagonals, uniq_donald
Elf:3:    minmay_elf_hall_circle, layout_loops_cross, serial_shops,
          nicolae_shop_statue_plus, uniq_bai_suzhen, uniq_nikola
Vaults:1: hangedman_vaults_river_flow, nicolae_vaults_turnstiles,
          nicolae_vaults_tetromino_L_2, nicolae_vaults_ring_of_whatevers,
          nicolae_vaults_surprise_closet, vaults_room_hallway,
          hangedman_vaults_capsules, nicolae_vaults_ring_of_whatevers,
          dpeg_vaults_monster_box, grunt_vaults_funnel,
          nicolae_vaults_little_squares_4, nicolae_vaults_tetromino_L_2,
          ontoclasm_vaults_gateway, layout_vaults_omnibox, serial_shops,
          shop_statue
Vaults:2: nicolae_vaults_shrinking_rooms_2, nicolae_vaults_network_s,
          nicolae_vaults_circle_grid_a, nicolae_vaults_tetromino_T_1,
          nicolae_vaults_three_branches, vaults_dpeg_hooks,
          nicolae_vaults_six-pack, nicolae_vaults_closet_pinwheel_2,
          vaults_mumra_hex, hangedman_vaults_stretched_pinwheel,
          ontoclasm_vaults_claustrophobia, grunt_vaults_diagonal,
          layout_vaults_ring, serial_shops, nicolae_diamond_shop
Vaults:3: nicolae_vaults_mini_display_case, ontoclasm_vaults_twist,
          nicolae_vaults_surprise_closet_hard, nicolae_vaults_prndl, v_misc_30,
          nicolae_vaults_border_crossing, nicolae_vaults_little_squares_4,
          v_rooms_3, nicolae_vaults_theta, nicolae_vaults_storage_closets_2,
          vaults_room_fours, nicolae_vaults_tetromino_L_1,
          minmay_crypt_entry_skeletal_spiral, nicolae_vaults_little_squares_1,
          layout_vaults_maze
Vaults:4: ontoclasm_vaults_chip, st_more_cells, hangedman_vaults_stream,
          v_alt_pattern_6, vaults_room_door_ring, vaults_room_mumra_shop_pool,
          nicolae_vaults_diagonal_hallway_7, nicolae_vaults_diamond_2,
          nicolae_vaults_alarming, nicolae_vaults_gold_heap,
          nicolae_vaults_tetromino_T_2, layout_vaults_omnigrid, serial_shops,
          nicolae_diamond_shop
Vaults:5
Crypt:1:  layout_regular_city, grunt_megastairs_3, grunt_crypt_arrival_webbed,
          uniq_saint_roka
Crypt:2:  layout_gridlike, gammafunk_ghost_fury_of_okawaru
Crypt:3:  david_glass_crypt, layout_chaotic_city,
          nicolae_tomb_entry_unfolded_pyramid_orthogonal
Tomb:1
Depths:1: nicolae_cairo_tiling, layout_twisted_cross, serial_shops,
          bzr_entry_safe, hell_entry, roderic_lattice_a, zin_scriptorium
Depths:2: spriggan_forest, pan_entry, hell_entry, abyss_entry
Depths:3: minmay_imperfect_grid, layout_basic, hell_entry,
          abyss_entry_flame_altar, nrook_loot_triangle,
          infiniplex_staircase_squiggle
Depths:4: grunt_zot_entry_hairpin, layout_gridville, enter_ziggurat_d,
          hell_entry, wheals_unrand_guarded_autumn_katana, uniq_boris
Hell
Zot:1:    layout_gridlike
Zot:2:    layout_gridlike, regret_index_zotdec_twisting_globes
Zot:4:    dreamdust_zin_vs_xom, layout_basic, regret_index_zotdec_decaying_vile

Skill      XL: |  1  2  3  4  5  6  7  8  9 10 11 12 13 14 15 16 17 18 19 20 21 22 23 24 25 26 |
---------------+-------------------------------------------------------------------------------+-----
Armour         | 3 4 5 6 7 8 9 10 11 12 13 14 15 16 17 18 | 18.4
Axes           | 3 4 5 7 9 10 12 13 15 16 17 18 19 20 21 22 23 24 25 26 | 26.5
Fighting       | 4 5 6 7 9 10 12 13 15 16 17 18 19 20 21 22 23 24 25 26 | 26.5
Invocations    | 3 4 6 7 8 9 10 11 12 13 | 13.4
Dodging        | 1 4 6 7 8 9 10 11 12 13 14 | 14.1
Shields        | |  2.1

Action                     |  1- 3 |  4- 6 |  7- 9 | 10-12 | 13-15 | 16-18 | 19-21 | 22-24 | 25-27 || total
---------------------------+-------+-------+-------+-------+-------+-------+-------+-------+-------++-------
  Melee: War axe           |    81 |   111 |   298 |   706 |   968 |   889 |   679 |   601 |       ||  4333
         Flail             |       |    14 |       |       |       |       |       |       |       ||    14
         Hand axe          |       |    46 |       |       |       |       |       |       |       ||    46
         Broad axe         |       |       |       |       |       |   199 |   690 |   883 |  1130 ||  2902
 Invoke: Ancestor Identity |       |       |       |     3 |       |       |       |       |       ||     3
         Ancestor Life: Ba |       |       |       |     1 |       |       |       |       |       ||     1
         Recall Ancestor   |       |       |       |     1 |     1 |     2 |     7 |     6 |     2 ||    19
         Idealise          |       |       |       |       |       |     4 |     6 |    13 |    14 ||    37
Ability: Invent Gizmo      |       |       |       |       |     1 |       |       |       |       ||     1
  Evoke: Wand              |       |       |       |     6 |    41 |    25 |     3 |     7 |    18 ||   100
         Tin of tremorston |       |       |       |       |       |     5 |     1 |     2 |     2 ||    10
    Use: Scroll            |       |     9 |       |    17 |    13 |    21 |    16 |    24 |    18 ||   118
         Potion            |       |       |     4 |    10 |     9 |    13 |    11 |    12 |    12 ||    71
   Stab: Distracted        |       |       |       |     2 |    13 |    19 |    13 |    14 |    14 ||    75
         Invisible         |       |       |       |       |       |     7 |       |     6 |       ||    13
 Armour: Scale mail        |    76 |    69 |   229 |   173 |       |       |       |       |       ||   547
         Plate armour      |       |       |       |   298 |   728 |   971 |   801 |   773 |       ||  3571
         Gold dragon scale |       |       |       |       |       |       |       |    56 |   814 ||   870
  Dodge: Dodged            |    48 |    53 |    94 |   187 |   186 |   235 |   282 |   307 |   263 ||  1655
  Block: Buckler           |    24 |     5 |       |       |       |       |       |       |       ||    29

Table legend: (Time is in decaauts)
 A = Elapsed time spent in this place.
 B = Non-inter-level travel time spent in this place.
 C = Inter-level travel time spent in this place.
 D = Time resting spent in this place.
 E = Time spent auto-exploring this place.
 F = Levels seen in this place.
 G = Mean time per level.
                   A        B        C        D        E       F      G
               +--------+--------+--------+--------+--------+-----+--------+
         Total |  72729 |  64989 |   7740 |  17170 |  36245 |  57 | 1275.9 |
       Dungeon |  19612 |  17077 |   2535 |   2621 |  11727 |  15 | 1307.5 |
          Lair |   8099 |   7163 |    936 |   2292 |   3746 |   5 | 1619.8 |
         Swamp |   4243 |   4109 |    134 |   1136 |   2062 |   4 | 1060.8 |
   Spider Nest |   3393 |   3173 |    220 |    269 |   2296 |   4 |  848.2 |
    Slime Pits |   4234 |   4020 |    214 |    960 |   2447 |   5 |  846.8 |
  Orcish Mines |   2466 |   2005 |    461 |    856 |    886 |   2 | 1233.0 |
   Elven Halls |   5039 |   4685 |    354 |   1545 |   2027 |   3 | 1679.7 |
        Vaults |  12284 |  10868 |   1416 |   5083 |   4099 |   5 | 2456.8 |
         Crypt |   2755 |   2398 |    357 |    283 |   1642 |   3 |  918.3 |
          Tomb |   1334 |   1242 |     92 |    239 |    707 |   1 | 1334.0 |
        Depths |   6816 |   5938 |    878 |   1776 |   2960 |   4 | 1704.0 |
          Hell |    681 |    674 |      7 |     72 |    407 |   1 |  681.0 |
           Zot |   1539 |   1409 |    130 |     35 |   1162 |   3 |  513.0 |
        Bazaar |     97 |     97 |      0 |      0 |      0 |   1 |   97.0 |
         Trove |    130 |    130 |      0 |      0 |     74 |   1 |  130.0 |
               +--------+--------+--------+--------+--------+-----+--------+

Top non-repeatable levels by time:
Vaults:4: 3731 daAuts
    D:12: 3137 daAuts
  Lair:3: 2718 daAuts
Vaults:3: 2579 daAuts
   Elf:2: 2560 daAuts
Depths:2: 2518 daAuts
 Slime:5: 2394 daAuts
Vaults:2: 2304 daAuts
Vaults:1: 2025 daAuts
   Orc:2: 1945 daAuts
Depths:3: 1902 daAuts
  Lair:4: 1855 daAuts
     D:7: 1728 daAuts
Depths:1: 1706 daAuts
  Lair:2: 1650 daAuts
